 Dungeon Crawl Stone Soup version 0.29.1-12-g30fa7ad0bf (webtiles) character file.

Game seed: 7236537277391848953

89 Radix the Digger (level 4, -1/24 HPs)
             Began as a Gargoyle Earth Elementalist on Dec 24, 2022.
             Slain by Grinder (7 damage)
             ... on level 3 of the Dungeon.
             The game lasted 00:10:16 (2287 turns).

Radix the Digger (Gargoyle Earth Elementalist)      Turns: 2287, Time: 00:10:19

Health: -1/24      AC:  9    Str: 16    XL:     4   Next: 55%
Magic:  5/8        EV: 11    Int: 21    God:
Gold:   101        SH:  3    Dex: 14    Spells: 5/9 levels left

rFire   . . .      SeeInvis .   q - +2 dagger (speed)
rCold   . . .      Faith    .   e - +0 buckler
rNeg    + . .      Spirit   .   m - +4 robe of Augmentation {Str+4 Int+4 Dex+4}
rPois   ∞          Reflect  .   (no helmet)
rElec   +          Harm     .   (no cloak)
rCorr   .          Rampage  .   (no gloves)
Will    .....                   (no boots)
Stlth   ++........              (no amulet)
HPRegen 0.08/turn               (no ring)
MPRegen 0.11/turn               (no ring)

@: no status effects
A: sickness immunity, AC +3, negative energy resistance 1, electricity
resistance, torment resistance 1, petrification resistance
a: no special abilities


You were on level 3 of the Dungeon.
You visited 1 branch of the dungeon, and saw 3 of its levels.

You collected 101 gold pieces.

Inventory:

Hand Weapons
 f - a +0 club
 h - a +0 short sword
 i - a +0 dagger
 k - a +0 spear
 q - a +2 dagger of speed (weapon)
Armour
 a - a +0 robe
 e - a +0 buckler (worn)
 m - the +4 robe of Augmentation (worn) {Str+4 Int+4 Dex+4}
   (You found it on level 2 of the Dungeon)

   Str:       It affects your strength (+4).
   Int:       It affects your intelligence (+4).
   Dex:       It affects your dexterity (+4).
Jewellery
 p - the ring "Lyoty" {rN+ Will++ Int-3}
   (You found it on level 2 of the Dungeon)

   [ring of positive energy]

   Int:       It affects your intelligence (-3).
   rN:        It protects you from negative energy.
   Will:      It greatly increases your willpower.
Scrolls
 c - a scroll of immolation {unknown}
 g - a scroll of acquirement {unknown}
 j - 2 scrolls of teleportation {unknown}
 l - a scroll of vulnerability {unknown}
 r - a scroll of identify {unknown}
Potions
 b - a potion of magic
 d - 2 potions of attraction {unknown}
 n - 2 potions of resistance {unknown}
 o - a potion of might {unknown}


   Skills:
 - Level 1.5 Dodging
 - Level 2.1 Stealth
 + Level 3.1 Spellcasting
 + Level 1.5 Conjurations
 - Level 0.7 Transmutations
 + Level 4.9 Earth Magic


You had 5 spell levels left.
You knew the following spells:

 Your Spells              Type           Power      Damage    Failure   Level
a - Sandblast             Erth           46%        2d11      2%          1
b - Stone Arrow           Conj/Erth      32%        3d9       14%         3

Your spell library contained the following spells:

 Spells                   Type           Power      Damage    Failure   Level
 Passwall                 Tmut/Erth      12%        N/A       9%          2
 Petrify                  Tmut/Erth      15%        N/A       50%         4


Dungeon Overview and Level Annotations

Branches:
Dungeon (3/15)

Altars:

Annotations:
D:3 Grinder


Innate Abilities, Weirdness & Mutations

You are immune to sickness and miasma.
Your stone body is resilient. (AC +3)
You are immune to poison.
You resist negative energy. (rN+)
You are resistant to electric shocks. (rElec)
You are resistant to unholy torment.
You are immune to petrification.


Message History

Grinder comes into view.
Aiming: Sandblast (safe; 2% risk of failure)
Press: ? - help, Q - select action Shift-Dir - straight line, f - you
Okay, then.
Grinder gestures at you. Pain shoots through your body!
Aiming: Sandblast (safe; 2% risk of failure)
Press: ? - help, Q - select action Shift-Dir - straight line, f - Grinder
Aim: Grinder (81% to hit)
The blast of sand hits Grinder!
Grinder is moderately wounded.
Grinder blinks!
Aiming: Sandblast (safe; 2% risk of failure)
Press: ? - help, Q - select action Shift-Dir - straight line, f - you, p - Grinder
Okay, then.
Aiming: Sandblast (safe; 2% risk of failure)
Press: ? - help, Q - select action Shift-Dir - straight line, f/p - Grinder
Aim: Grinder (moderately wounded, 81% to hit)
The blast of sand misses Grinder.
Grinder gestures at you. Pain shoots through your body!
Aiming: Sandblast (safe; 2% risk of failure)
Press: ? - help, Q - select action Shift-Dir - straight line, f/p - Grinder
Aim: Grinder (moderately wounded, 81% to hit)
The blast of sand hits Grinder!
Grinder is heavily wounded.
Grinder gestures at you.
You suddenly lose the ability to move!
Grinder gestures at you. Pain shoots through your body!
* * * LOW HITPOINT WARNING * * *
Grinder hits you but does no damage.
You can move again.
Aiming: Sandblast (safe; 2% risk of failure)
Press: ? - help, Q - select action Shift-Dir - straight line, f/p - Grinder
Aim: Grinder (heavily wounded, 81% to hit)
The blast of sand hits Grinder but does no damage.
Grinder is heavily wounded.
Grinder hits you!
You die...

....######.....<# ....#
#...###### ....#
#......... ....#
#..####### ....#
#.........
##########.########
...........#
########################
................@5......
########################


You could see Grinder.

Vanquished Creatures
  Jessica (D:3)
  3 worms
  A dart slug (D:2)
  5 endoplasms
  3 giant cockroaches
  6 goblins
  8 hobgoblins
  2 quokkas (D:2)
  5 ball pythons
  2 bats
  4 frilled lizards
  6 kobolds
  3 rats (D:1)
49 creatures vanquished.

Notes
Turn   | Place    | Note
-------+----------+-------------------------------------------
     0 | D:1      | Radix the Gargoyle Earth Elementalist began the quest for
                  | the Orb.
     0 | D:1      | Reached XP level 1. HP: 10/10 MP: 3/3
   218 | D:1      | Reached skill level 4 in Earth Magic
   218 | D:1      | Reached XP level 2. HP: 14/15 MP: 0/5
   761 | D:1      | Reached XP level 3. HP: 19/19 MP: 3/6
   846 | D:1      | Found a faded altar of an unknown god.
  1208 | D:2      | Learned a level 3 spell: Stone Arrow
  1248 | D:2      | Found the +4 robe of Augmentation {Str+4 Int+4 Dex+4}
  1415 | D:2      | Identified the ring "Lyoty" {rN+ Will++ Int-3}
  1789 | D:2      | Reached skill level 1 in Conjurations
  1880 | D:2      | Reached XP level 4. HP: 24/24 MP: 4/8
  2167 | D:3      | Noticed Jessica
  2169 | D:3      | Killed Jessica
  2274 | D:3      | Noticed Grinder
  2282 | D:3      | Paralysed by Grinder for 5 turns
  2287 | D:3      | Slain by Grinder

Illustrated notes

Levels and vault maps discovered:
D:1:      minmay_arrival_nine_rooms, layout_basic,
          hellmonk_ecumenical_altar_zigzags, hangedman_decor_slide_cut
D:2:      layout_basic
D:3:      layout_basic, tgw_trog, minmay_misc_feat_chi, uniq_crazy_yiuf_cottage,
          uniq_grinder, uniq_jessica

Skill      XL: |  1  2  3  4 |
---------------+-------------+-----
Earth Magic    | 4 |  4.9
Conjurations   | 1 |  1.5
Spellcasting   | 3 |  3.1
Dodging        | |  1.5
Stealth        | |  2.1
Transmutations | |  0.7

Action                   |  1- 3 |  4- 6 || total
-------------------------+-------+-------++-------
Melee: Club              |     6 |       ||     6
       Unarmed           |     4 |       ||     4
       Short sword       |     3 |       ||     3
       Dagger            |     7 |       ||     7
 Cast: Sandblast         |    60 |     9 ||    69
Armor: Robe              |    11 |     1 ||    12
Dodge: Dodged            |    23 |       ||    23
Block: Buckler           |     3 |       ||     3
